 Dungeon Crawl Stone Soup version 0.30-b1-5-g8e6c1be481 (webtiles) character file.

Game seed: 17055721420061004138

4295 Mysteryquy the Cleaver (level 10, 0/91 HPs)
             Began as a Minotaur Berserker on May 4, 2023.
             Was a High Priest of Trog.
             Slain by a manticore (8 damage)
             ... on level 7 of the Dungeon.
             The game lasted 00:11:55 (6741 turns).

Mysteryquy the Cleaver (Minotaur Berserker)         Turns: 6741, Time: 00:11:56

Health: 0/91       AC:  5    Str: 25    XL:     10   Next: 11%
Magic:  9/9        EV: 13    Int:  4    God:    Trog [*****.]
Gold:   311        SH:  0    Dex: 11    Spells: 9/9 levels left

rFire   + . .        e - +5 battleaxe "Ludghat" {venom, Fly rPois Will+}
rCold   . . .        (shield currently unavailable)
rNeg    . . .        D - +0 steam dragon scales
rPois   +            (helmet restricted)
rElec   .            (no cloak)
rCorr   .            (no gloves)
SInv    .            (no boots)
Will    +....        (no amulet)
Stlth   ++           d - ring of protection from fire
HPRegen 0.35/turn    (no ring)
MPRegen 0.11/turn

%: no passive effects
@: on berserk cooldown, flying, slowed, very slow
A: horns 2, retaliatory headbutt
a: Renounce Religion, Berserk, Trog's Hand, Brothers in Arms


You were on level 7 of the Dungeon.
You worshipped Trog.
Trog was extremely pleased with you.
You visited 1 branch of the dungeon, and saw 7 of its levels.
You also visited: Ossuary.

You collected 311 gold pieces.

Inventory:

Hand Weapons
 a - a +0 hand axe
 e - the +5 battleaxe "Ludghat" (weapon) {venom, Fly rPois Will+}
   (You acquired it on level 5 of the Dungeon)

   rPois:     It protects you from poison.
   Fly:       It grants you flight.
   Will:      It increases your willpower.
 t - a +0 war axe
 u - a +1 broad axe of freezing
Armour
 b - a +1 animal skin
 r - an orb of wrath
 C - a +0 leather armour
 D - +0 steam dragon scales (worn)
Jewellery
 d - a ring of protection from fire (left hand)
 F - a +6 ring of intelligence
Wands
 p - a wand of flame (15)
 x - a wand of polymorph (2)
 y - a wand of mindburst (24)
Scrolls
 c - 5 scrolls of teleportation
 g - 4 scrolls of identify
 k - 2 scrolls of immolation
 m - a scroll of magic mapping
 v - a scroll of fear
 A - a scroll of amnesia {unknown}
 B - a scroll of noise {unknown}
Potions
 f - 3 potions of heal wounds {unknown}
 h - a potion of mutation
 i - 7 potions of curing {unknown}
 j - 3 potions of attraction {unknown}
 l - a potion of berserk rage {unknown}
 n - 2 potions of flight {unknown}
 o - 3 potions of might {unknown}
 q - 2 potions of resistance {unknown}
 s - 4 potions of lignification {unknown}
 w - a potion of ambrosia {unknown}
 z - a potion of haste {unknown}
 E - a potion of brilliance {unknown}


   Skills:
 + Level 9.3 Fighting
 + Level 13.5 Axes
 + Level 2.5 Armour
 + Level 5.7 Dodging
 + Level 3.8 Stealth


You had 9 spell levels left.
You didn't know any spells.
Your spell library was empty.

Dungeon Overview and Level Annotations

Branches:
Dungeon (7/15)             Temple (0/1) D:5         Ossuary (visited)

Altars:
Cheibriados
Hepliaklqana
Vehumet
Xom

Shops:
D:6 =


Innate Abilities, Weirdness & Mutations

You have a pair of horns on your head.
You reflexively headbutt those who attack you in melee.


Message History

Something hits you.
Things that are here:
a +0 troll leather armour; a troll corpse; a vampire mosquito corpse You slash something!
You headbutt something. Trog accepts your kill.
Trog appreciates your killing of a magic user.
Reactivating autopickup.
You feel a bit more experienced.
The manticore flicks its tail.
The volley of spikes hits you!
The barbed spikes become lodged in your body.
The barbs in your skin will harm you if you move.
Continue? [Y]es or [N]o only, please.
The barbs in your skin will harm you if you move.
Continue? [Y]es or [N]o only, please.
The barbs in your skin will harm you if you move.
Continue?
The barbed spikes dig painfully into your body as you move.
You are no longer berserk.
You are exhausted.
You feel yourself slow down.
Things that are here:
a +0 dagger; a +0 robe You barely miss the manticore.
The manticore bites you! The manticore claws you.
The manticore claws you but does no damage.
The manticore bites you! The manticore claws you!
* * * LOW HITPOINT WARNING * * *
The manticore claws you!
* * * LOW HITPOINT WARNING * * *
You slash the manticore!
The manticore is poisoned.
The manticore is lightly wounded.
The manticore bites you but does no damage.
The manticore closely misses you. The manticore claws you!
* * * LOW HITPOINT WARNING * * *
You slice the manticore!!
The manticore looks as sick as possible!
The manticore is severely wounded.
You carefully extract the barbed spikes from your body.
The manticore bites you!
You die...

#.#.#.†..#.#..#..)).....#.
#.. #####'#########'#####.
##. #.........#.........#.
#.#######.#.........#. #.#
..#.#.........#. #.#
#.#.#.........#. #.#.
#.#.#.........#.
#.#.###.#.#.........#.
#.#.H@[.#.#.........#.
#.###'###.#.........#.
#.(.......#.........#.
###############'#####.
..............
#########.###.
............ ############


You could see a manticore (extremely poisoned).

Vanquished Creatures
  A boulder beetle (D:7)
  A cyclops (D:7)
  A troll (D:7)
  Grinder (D:4)
  2 wraiths (Ossuary)
  The ghost of unrecovered the Shooter, an amateur DsHu (D:4)
  A steam dragon (D:7)
  2 vampire mosquitoes (D:7)
  Menkaure (D:5)
  A water moccasin (D:6)
  A sky beast (D:6)
  A black bear (D:7)
  A phantom (D:5)
  3 kobold brigands
  A gnoll sergeant (D:5)
  A bullfrog (D:7)
  4 scorpions
  3 wights (Ossuary)
  A killer bee (D:7)
  A howler monkey (D:6)
  2 hounds
  2 gnoll boudas
  4 orc priests
  2 sleepcaps (D:7)
  Ijyb (D:3)
  3 iguanas
  4 orc wizards
  Robin (D:4)
  12 gnolls
  6 adders
  A river rat (D:5)
  3 white imps
  An adder zombie (Ossuary)
  3 worms
  5 dart slugs
  19 orcs
  8 ball pythons
  6 endoplasms
  3 giant cockroaches
  9 goblins (D:4)
  8 hobgoblins
  6 jackals
  20 kobolds
  7 quokkas
  A ball python skeleton (Ossuary)
  6 bats
  3 hobgoblin skeletons (Ossuary)
  A hobgoblin zombie (Ossuary)
  2 orc skeletons (Ossuary)
  9 rats
  A spectral orc (D:3)
188 creatures vanquished.

Vanquished Creatures (others)
  8 plants (D:2)
8 creatures vanquished.

Grand Total: 196 creatures vanquished

Notes
Turn   | Place    | Note
-------+----------+-------------------------------------------
     0 | D:1      | Mysteryquy the Minotaur Berserker began the quest for the
                  | Orb.
     0 | D:1      | Reached XP level 1. HP: 19/19 MP: 0/0
    87 | D:1      | Reached XP level 2. HP: 9/27 MP: 1/1
   256 | D:1      | Reached skill level 4 in Axes
   589 | D:1      | Found a faded altar of an unknown god.
   866 | D:2      | Reached XP level 3. HP: 33/33 MP: 2/2
   973 | D:2      | Reached ** piety under Trog
  1566 | D:2      | Found a snail-covered altar of Cheibriados.
  1657 | D:2      | Reached XP level 4. HP: 41/41 MP: 3/3
  2127 | D:3      | Identified the +2 dagger of Imminent Death {flame, rPois
                  | Str+4}
  2389 | D:3      | Noticed Ijyb
  2404 | D:3      | Killed Ijyb
  2405 | D:3      | Reached skill level 5 in Axes
  2672 | D:3      | Found a hazy altar of Hepliaklqana.
  2813 | D:4      | Found a snail-covered altar of Cheibriados.
  2864 | D:4      | Reached XP level 5. HP: 47/47 MP: 4/4
  3454 | D:4      | Found a runed translucent door.
  3460 | D:4      | Noticed Robin
  3470 | D:4      | Killed Robin
  3470 | D:4      | Reached *** piety under Trog
  3530 | D:4      | Noticed Grinder
  3531 | D:4      | Paralysed by Grinder for 2 turns
  3544 | D:4      | Killed Grinder
  3545 | D:4      | Reached skill level 5 in Fighting
  3545 | D:4      | Reached skill level 6 in Axes
  3545 | D:4      | Reached skill level 1 in Stealth
  3545 | D:4      | Reached XP level 6. HP: 56/56 MP: 5/5
  3574 | D:4      | Noticed unrecovered's ghost (amateur DsHu)
  3623 | D:4      | Found a shimmering altar of Xom.
  3696 | D:4      | Reached skill level 7 in Axes
  3830 | D:4      | Killed unrecovered's ghost
  3831 | D:4      | Reached XP level 7. HP: 55/62 MP: 6/6
  3935 | D:5      | Entered Level 5 of the Dungeon
  3977 | D:5      | Found a staircase to the Ecumenical Temple.
  3992 | D:5      | Reached skill level 8 in Axes
  4351 | D:5      | Noticed Menkaure
  4355 | D:5      | Killed Menkaure
  4356 | D:5      | Reached skill level 9 in Axes
  4356 | D:5      | Reached XP level 8. HP: 71/71 MP: 7/7
  4366 | D:5      | Found a sand-covered staircase.
  4371 | Ossuary  | Entered an ossuary
  4503 | Ossuary  | Noticed a flying skull
  4510 | Ossuary  | Noticed a flying skull
  4516 | Ossuary  | Noticed a flying skull
  4539 | Ossuary  | Noticed a flying skull
  4627 | Ossuary  | Reached skill level 10 in Axes
  5181 | D:5      | Identified a scroll of acquirement
  5181 | D:5      | Acquired the +5 battleaxe "Ludghat" {venom, Fly rPois
                  | Will+}
  5417 | D:6      | Reached **** piety under Trog
  5418 | D:6      | Reached skill level 5 in Dodging
  5643 | D:6      | Found Ylerizuv's Jewellery Shoppe.
  5771 | D:6      | Reached skill level 11 in Axes
  5771 | D:6      | Reached XP level 9. HP: 67/81 MP: 8/8
  6239 | D:7      | Found a radiant altar of Vehumet.
  6507 | D:7      | Reached ***** piety under Trog
  6508 | D:7      | Reached skill level 12 in Axes
  6634 | D:7      | Noticed a cyclops
  6634 | D:7      | Noticed a boulder beetle
  6658 | D:7      | Killed a cyclops
  6669 | D:7      | Killed a boulder beetle
  6670 | D:7      | Reached skill level 13 in Axes
  6671 | D:7      | Reached XP level 10. HP: 57/91 MP: 9/9
  6733 | D:7      | Noticed a manticore
  6741 | D:7      | Slain by a manticore

Illustrated notes

Levels and vault maps discovered:
D:1:      dpeg_arrival_arbitrary_a, layout_loops_cross,
          ebering_ecumenical_altar_hall
D:2:      layout_loops_corners, serial_bayou, serial_bayou_pond_c,
          serial_bayou_pond_e, serial_bayou_pond_e, serial_bayou_pond_c,
          basic_altar
D:3:      layout_loops_ring, nicolae_hepliaklqana_monster_ancestors, uniq_ijyb
D:4:      layout_gridville, mainiacjoe_overflow_alcove_1,
          mainiacjoe_overflow_catwalk, ebering_ghost_inner_flame, uniq_grinder,
          uniq_robin
D:5:      layout_cave_pools, minmay_temple_entry_statues_fountains,
          portal_sewer_entry_a, enter_ossuary_2, water_maze_lemuel,
          uniq_menkaure
D:6:      layout_rooms, serial_shops, shop
D:7:      layout_gridville, mainiacjoe_overflow_six_doors_small,
          minmay_the_grid_2x2 [minmay_the_grid_empty,
          minmay_the_grid_holed_spiral, minmay_the_grid_expand,
          minmay_the_grid_prize_shrinking_boxes]

Skill      XL: |  1  2  3  4  5  6  7  8  9 |
---------------+----------------------------+-----
Axes           | 4 5 6 7 9 11 13 | 13.5
Fighting       | 4 5 6 7 9 |  9.3
Dodging        | 3 4 5 |  5.7
Stealth        | 1 2 3 |  3.8
Armour         | |  2.5

Action                     |  1- 3 |  4- 6 |  7- 9 | 10-12 || total
---------------------------+-------+-------+-------+-------++-------
  Melee: Hand axe          |    77 |    71 |       |       ||   148
         Headbutt          |    11 |    12 |    31 |     1 ||    55
         War axe           |       |    25 |     1 |       ||    26
         Broad axe         |       |       |    64 |       ||    64
         Battleaxe         |       |       |   109 |     8 ||   117
 Invoke: Berserk           |       |     4 |     2 |     1 ||     7
         Trog's Hand       |       |     1 |     1 |       ||     2
    Use: Scroll            |       |       |     7 |       ||     7
   Stab: Sleeping          |       |     1 |     4 |       ||     5
 Armour: Animal skin       |    12 |    11 |    17 |       ||    40
         Steam dragon scal |       |       |     6 |     3 ||     9
  Dodge: Dodged            |    64 |    49 |    80 |     3 ||   196
